 Dungeon Crawl Stone Soup version 0.29-a0-369-gd956c00 (webtiles) character file.

Game seed: 7063543269333937316

61 lyrin the Insei (level 4, 0/30 (31) HPs)
             Began as a Vine Stalker Transmuter on May 1, 2022.
             Slain by a wight
             ... wielding a +0 great sword
              (7 damage)
             ... on level 3 of the Dungeon.
             The game lasted 00:03:08 (2416 turns).

lyrin the Insei (Vine Stalker Transmuter)           Turns: 2416, Time: 00:03:09

HP:   0/30 (31)     AC: 22    Str: 14    XL:     4   Next: 7%
MP:   0/8           EV:  2    Int: 13    God:
Gold: 167           SH:  0    Dex: 15    Spells: 6/7 levels left

rFire   . . .      SeeInvis .     - Unarmed
rCold   . . .      Faith    .   (no shield)
rNeg    . . .      Spirit   +   (body armour currently unavailable)
rPois   +          Reflect  .   (helmet currently unavailable)
rElec   .          Harm     .   (cloak currently unavailable)
rCorr   .          Rampage  .   (gloves currently unavailable)
Will    .....      NoTele   +   (boots currently unavailable)
Stlth   +.........              (no amulet)
HPRegen 0.90/turn               (no ring)
MPRegen 0.11/turn               (no ring)

@: tree-form, very slightly contaminated, lightly drained
A: stationary, stasis, torment immunity, boosted hp, (fangs 2), regeneration 1,
magic shield, (antimagic bite), no potion heal 2
a: no special abilities


You were on level 3 of the Dungeon.
You were a tree.
You visited 1 branch of the dungeon, and saw 3 of its levels.

You collected 167 gold pieces.

Inventory:

Missiles
 n - 5 poisoned darts
Armour
 a - a +0 robe
 c - a +0 ring mail (melded)
 f - a +0 pair of gloves (melded)
Scrolls
 d - a scroll of immolation {unknown}
 g - a scroll of magic mapping {unknown}
 i - 2 scrolls of vulnerability
 l - a scroll of noise {unknown}
 m - a scroll of fog {unknown}
 o - a scroll of enchant armour {unknown}
Potions
 b - 2 potions of lignification
 e - a potion of degeneration {unknown}
 h - 3 potions of curing
 j - a potion of brilliance {unknown}
 k - a potion of mutation {unknown}


   Skills:
 + Level 0.8 Fighting
 + Level 0.6 Armour
 + Level 1.8 Dodging
 * Level 4.1 Unarmed Combat
 + Level 2.2 Spellcasting
 * Level 2.5 Transmutations


You had 6 spell levels left.
You knew the following spells:

 Your Spells              Type           Power      Damage    Failure   Level
a - Beastly Appendage     Tmut           16%        N/A       9%          1

Your spell library contained the following spells:

 Spells                   Type           Power      Damage    Failure   Level
 Wereblood                Tmut           8%         N/A       13%         2
 Animate Skeleton         Necr           2%         N/A       26%         1
 Apportation              Tloc           2%         N/A       26%         1
 Summon Small Mammal      Summ           4%         N/A       26%         1
 Spider Form              Tmut/Pois      4%         N/A       41%         3
 Ice Form                 Ice/Tmut       4%         N/A       83%         4


Dungeon Overview and Level Annotations

Branches:
Dungeon (3/15)

Altars:


Innate Abilities, Weirdness & Mutations

You are a tree.
Your roots penetrate the ground, keeping you stationary.
You cannot be teleported.
You are immune to unholy pain and torment.
Your maximum health is greatly increased.
Your equipment is partially melded.
((You have extremely sharp teeth.))
Your natural rate of healing is unusually fast.
When hurt, damage is shared between your health and your magic reserves.
((Your bite disrupts and absorbs the magic of your enemies.))
Potions cannot restore your health.


Message History

Things that are here:
a +0 dagger; a +0 hunting sling
Found a stone staircase leading up.
You now have 167 gold pieces (gained 11).
Things that are here:
a +0 dagger; a +0 hunting sling
n - 5 poisoned darts (gained 2)
You see here a +0 whip.
Key pressed, stopping explore.
A wight comes into view.
It is wielding a +0 great sword and wearing a +1 robe of positive energy.
Found a scroll of identify.
There is a stone staircase leading up here.
Casting: Beastly Appendage (safe; 19% risk of failure)
Confirm with . or Enter, or press ? or * to list all spells.
You miscast Beastly Appendage.
You are very lightly contaminated with residual magic.
Nothing appears to happen.
Casting: Beastly Appendage (safe; 19% risk of failure)
Confirm with . or Enter, or press ? or * to list all spells.
You miscast Beastly Appendage.
Nothing appears to happen.
Casting: Beastly Appendage (safe; 19% risk of failure)
Confirm with . or Enter, or press ? or * to list all spells.
You grow a pair of large bovine horns.
Your feet morph into talons.
The wight hits you but does no damage.
You closely miss the wight. Your kick misses the wight.
You bite the wight, but do no damage. The wight closely misses you.
You hit the wight but do no damage. Your kick misses the wight.
The wight hits you with a +0 great sword.
You feel drained.
You closely miss the wight.
The wight hits you with a +0 great sword!
Ouch! That really hurt!
* * * LOW HITPOINT WARNING * * *
Really quaff the potion of lignification?
Your horns disappear.
Your talons disappear.
You turn into a tree.
Your +0 pair of gloves melds into your body.
Your +0 ring mail melds into your body.
Your roots penetrate the ground.
The wight hits you with a +0 great sword!
You die...

##### #.. #######........
#....#.. #..........#.##
#...... ####.########...#
#.....# ###...)# ###.#
#.....###...#### ##.##
#......##.### ##...#
#....#....# ##.....
#....##...##### #......
#....#....z♣..## #......
#####..........## #......
##............#######.....
#..#..........#...........
##.##......................
#..##...........#####.<....
#.###...........# ##.....
#>##...........## ##....
#...)#........## #.###


You could see a wight.

Vanquished Creatures
  A gnoll (D:1)
  A worm (D:2)
  4 endoplasms (D:1)
  4 giant cockroaches
  4 goblins
  6 hobgoblins
  4 jackals
  5 kobolds
  A quokka (D:2)
  5 ball pythons
  3 bats
  3 rats
41 creatures vanquished.

Notes
Turn   | Place    | Note
-------+----------+-------------------------------------------
     0 | D:1      | lyrin the Vine Stalker Transmuter began the quest for the
                  | Orb.
     0 | D:1      | Reached XP level 1. HP: 9/9 MP: 4/4
   627 | D:1      | Reached XP level 2. HP: 12/14 MP: 4/6
  1027 | D:1      | Reached XP level 3. HP: 15/17 MP: 7/7
  1106 | D:1      | Found a faded altar of an unknown god.
  1588 | D:2      | Reached skill level 4 in Unarmed Combat
  2329 | D:3      | Gained mutation: Your natural rate of healing is unusually
                  | fast. [Vine Stalker growth]
  2329 | D:3      | Reached XP level 4. HP: 21/21 MP: 8/8
  2416 | D:3      | Slain by a wight

Illustrated notes

Levels and vault maps discovered:
D:1:      lemuel_arrival_tunnels, layout_basic, shapermc_ecumenical_altar_venn
D:2:      layout_loops_cross
D:3:      layout_rooms, amcnicky_mini_rare_corridor_liquid

Skill      XL: |  1  2  3 |
---------------+----------+-----
Unarmed Combat | 4 |  4.1
Fighting       | |  0.8
Armour         | |  0.6
Dodging        | |  1.8
Spellcasting   | |  2.2
Transmutations | |  2.5

Action                   |  1- 3 |  4- 6 || total
-------------------------+-------+-------++-------
Melee: Unarmed           |   109 |    14 ||   123
       Bite              |    26 |     2 ||    28
       Punch             |     2 |       ||     2
 Cast: Beastly Appendage |       |     1 ||     1
  Use: Scroll            |     3 |       ||     3
       Potion            |       |     1 ||     1
Armor: Ring mail         |    47 |     4 ||    51
Dodge: Dodged            |    63 |     9 ||    72

Table legend: (Time is in decaauts)
 A = Elapsed time spent in this place.
 B = Non-inter-level travel time spent in this place.
 C = Inter-level travel time spent in this place.
 D = Time resting spent in this place.
 E = Time spent auto-exploring this place.
 F = Levels seen in this place.
 G = Mean time per level.
                   A        B        C        D        E       F      G
               +--------+--------+--------+--------+--------+-----+--------+
         Total |   2406 |   2394 |     12 |    640 |   1330 |   3 |  802.0 |
       Dungeon |   2406 |   2394 |     12 |    640 |   1330 |   3 |  802.0 |
               +--------+--------+--------+--------+--------+-----+--------+

Top non-repeatable levels by time:
     D:1: 1294 daAuts
     D:2: 669 daAuts
     D:3: 443 daAuts
